 Dungeon Crawl Stone Soup version 0.26-a0-1126-g3318b609a0 (webtiles) character file.

Game seed: 10240281952038885040

193505 dolemite99 the Covert (level 18, -9/144 HPs)
             Began as a Gnoll Delver on Dec 16, 2020.
             Was the Champion of Dithmenos.
             Killed from afar by a deep elf mage (22 damage)
             ... with a bolt of lightning
             ... summoned by a boggart
             ... on level 2 of the Vaults on Dec 18, 2020.
             The game lasted 02:09:50 (69754 turns).

dolemite99 the Covert (Gnoll Delver)               Turns: 69754, Time: 02:09:51

Health: -9/144     AC: 29    Str: 25    XL:     18   Next: 27%
Magic:  16/34      EV: 23    Int: 24    God:    Dithmenos [******]
Gold:   1126       SH: 13    Dex: 16    Spells: 9/41 levels left

rFire    . . .     SeeInvis .   b - +6 dagger (venom)
rCold    + . .     Faith    +   K - +0 kite shield
rNeg     + . .     Spirit   .   j - +4 scale mail of the Iron City of Dis {Rampage rC+ rN+ Str+2}
rPois    .         Reflect  .   p - +2 helmet {Int+3}
rElec    .         Harm     .   G - +0 cloak
rCorr    .         Rampage  +   y - +2 pair of gloves {Str+3}
Will     +....                  o - +2 pair of boots
Stlth    ++++++++..             V - amulet of Adoul {Faith Int+5}
HPRegen  0.34/turn              P - +4 ring of protection {=R}
MPRegen  0.24/turn              H - +4 ring of evasion

@: swift, wreathed by umbra, very quick
A: distributed training, fangs 1, strong nose
}: 1/15 runes: decaying
a: Renounce Religion, Shadow Step, Shadow Form


You were on level 2 of the Vaults.
You worshipped Dithmenos.
Dithmenos was exalted by your worship.
You visited 6 branches of the dungeon, and saw 33 of its levels.

You collected 3859 gold pieces.
You spent 2733 gold pieces at shops.

Inventory:

Hand Weapons
 a - a +6 morningstar of electrocution
 b - a +6 dagger of venom (weapon)
 w - a +6 trident of freezing
 Q - a +5 vorpal trident
Missiles
 E - 83 poisoned darts (quivered)
 N - 5 javelins
 T - 67 boomerangs
Armour
 j - the +4 scale mail of the Iron City of Dis (worn) {Rampage rC+ rN+ Str+2}
   (You bought it in a shop on level 2 of the Orcish Mines)

   It affects your strength (+2).
   It protects you from cold.
   It protects you from negative energy.
   It bestows one free step when moving towards enemies.
 o - a +2 pair of boots (worn)
 p - a +2 helmet of intelligence (worn)
 y - a +2 pair of gloves of strength (worn)
 G - a +0 cloak (worn)
 K - a +0 kite shield (worn)
Magical Staves
 i - an uncursed staff of death
 A - an uncursed staff of earth
Jewellery
 s - an uncursed ring of poison resistance
 H - a +4 ring of evasion (right hand)
 M - an uncursed ring of protection from fire
 P - a +4 ring of protection (left hand) {=R}
 V - the amulet of Adoul (around neck) {Faith Int+5}
   (You found it on level 7 of the Dungeon)

   [amulet of faith]

   It allows you to gain divine favour quickly.
   It affects your intelligence (+5).
 X - an uncursed ring of wizardry
Wands
 g - a wand of digging (2)
 k - a wand of flame (3)
 n - a wand of disintegration (12)
 q - a wand of polymorph (11)
 z - a wand of iceblast (7)
Scrolls
 d - 4 scrolls of magic mapping
 h - a scroll of identify {@r1}
 l - 3 scrolls of teleportation
 r - 3 scrolls of blinking
 t - a scroll of vulnerability {unknown}
 u - 4 scrolls of amnesia
 v - 26 scrolls of remove curse {@r2}
 B - a scroll of holy word
 D - a scroll of enchant armour
 S - 2 scrolls of enchant weapon
Potions
 c - 2 potions of berserk rage
 e - 3 potions of degeneration
 f - 7 potions of curing
 m - 2 potions of haste
 x - 5 potions of mutation
 C - 8 potions of lignification
 F - 6 potions of attraction
 I - 2 potions of might
 J - 2 potions of brilliance
 R - 2 potions of heal wounds
 U - a potion of ambrosia
 Z - 4 potions of resistance {unknown}
Miscellaneous
 L - a tin of tremorstones (inert)
 W - a condenser vane (inert)
 Y - a box of beasts (inert)


   Skills:
 + Level 13.4 Fighting
 + Level 12.0 Short Blades
 + Level 12.0 Long Blades
 + Level 12.0 Axes
 + Level 12.0 Maces & Flails
 + Level 12.8 Polearms
 + Level 12.0 Staves
 + Level 12.0 Slings
 + Level 12.0 Bows
 + Level 12.0 Crossbows
 + Level 12.0 Throwing
 + Level 12.0 Armour
 + Level 12.8 Dodging
 + Level 14.7 Stealth
 + Level 12.0 Shields
 + Level 12.0 Unarmed Combat
 + Level 12.0 Spellcasting
 + Level 10.3 Conjurations
 + Level 10.3 Hexes
 + Level 10.3 Summonings
 + Level 10.3 Necromancy
 + Level 10.3 Translocations
 + Level 10.3 Transmutations
 + Level 10.3 Fire Magic
 + Level 10.3 Ice Magic
 + Level 10.3 Air Magic
 + Level 10.3 Earth Magic
 + Level 10.3 Poison Magic
 + Level 13.0 Invocations
 + Level 12.0 Evocations


You had 9 spell levels left.
You knew the following spells:

 Your Spells              Type           Power        Failure   Level
a - Summon Lightning Spi  Summ/Air       59%          1%          4
b - Summon Ice Beast      Ice/Summ       59%          1%          4
c - Call Canine Familiar  Summ           59%          1%          3
d - Summon Guardian Gole  Hex/Summ       59%          1%          3
e - Passwall              Tmut/Erth      49%          1%          2
f - Corona                Hex            65%          1%          1
g - Apportation           Tloc           100%         1%          1
h - Passage of Golubria   Tloc           N/A          1%          4
i - Swiftness             Air            59%          1%          2
j - Sublimation of Blood  Necr           29%          1%          2
k - Tukima's Dance        Hex            59%          1%          3
l - Call Imp              Summ           59%          1%          2
s - Animate Skeleton      Necr           100%         1%          1

Your spell library contained the following spells:

 Spells                   Type           Power        Failure   Level
 Sandblast                Erth           100%         1%          1
 Summon Small Mammal      Summ           100%         1%          1
 Confusing Touch          Hex            59%          1%          3
 Gell's Gravitas          Tloc           29%          1%          3
 Ignite Poison            Fire/Tmut/Pois 59%          1%          3
 Lesser Beckoning         Tloc           29%          1%          3
 Stone Arrow              Conj/Erth      100%         1%          3
 Ice Form                 Ice/Tmut       59%          1%          4
 Leda's Liquefaction      Hex/Erth       29%          1%          4
 Petrify                  Tmut/Erth      59%          1%          4
 Alistair's Intoxication  Tmut/Pois      39%          4%          5
 Bolt of Magma            Conj/Fire/Erth 29%          4%          5
 Fireball                 Conj/Fire      29%          4%          5
 Irradiate                Conj/Tmut      29%          4%          5
 Lee's Rapid Deconstruct  Erth           29%          4%          5
 Metabolic Englaciation   Hex/Ice        29%          4%          5
 Yara's Violent Unravell  Hex/Tmut       29%          4%          5
 Eringya's Noxious Bog    Tmut/Pois      29%          26%         6
 Freezing Cloud           Conj/Ice/Air   29%          26%         6
 Hydra Form               Tmut           29%          26%         6
 Invisibility             Hex            59%          26%         6
 Iron Shot                Conj/Erth      29%          26%         6
 Ozocubu's Refrigeration  Ice            29%          26%         6
 Simulacrum               Ice/Necr       29%          26%         6
 Starburst                Conj/Fire      29%          26%         6
 Statue Form              Tmut/Erth      39%          26%         6
 Dragon Form              Tmut           29%          82%         7
 Ignition                 Fire           29%          100%        8
 Shatter                  Erth           29%          100%        9


Dungeon Overview and Level Annotations

Branches:
Dungeon (15/15)            Temple (0/1) D:6            Lair (6/6) D:9
  Swamp (4/4) Lair:2        Snake (4/4) Lair:2        Slime (0/5) Lair:5
    Orc (2/2) D:12            Elf (0/3) Orc:2        Vaults (2/5) D:13
  Crypt (0/3) Vaults:2
 Depths: D:15

Altars:
Cheibriados
Dithmenos
Elyvilon
Gozag
Makhleb
Nemelex Xobeh
Okawaru
Ru
Sif Muna
Uskayaw
Wu Jian
Yredelemnul
Zin
The Shining One
Beogh
Jiyva

Shops:
D:9 [[   Orc:1 ?*   Orc:2 *=(*}   Snake:1 ?[(

Portals:
Abyss: Swamp:3

Annotations:
D:2 exclusion: downstairs
D:13 Rupert
D:15 Roxanne
Temple what does this do?
Swamp:3 2 transporters, exclusion: downstairs, Qemahefa's ghost, adept GrFi


Innate Abilities, Weirdness & Mutations

Your experience applies equally to all skills.
You have very sharp teeth.
Your uncanny sense of smell can sniff out nearby items.


Message History

You hit the deep elf knight.
The deep elf knight is poisoned.
You bite the deep elf knight.
The deep elf knight is lightly wounded.
Your shadow hits the deep elf knight but does no damage.
The deep elf knight hits you but does no damage.
You hit the deep elf knight.
The deep elf knight looks as sick as possible!
The deep elf knight is lightly wounded.
The deep elf knight points at you and mumbles some strange words.
The shard of ice hits you!! You partially resist.
* * * LOW HITPOINT WARNING * * *
You emit a cloud of dark smoke.
The deep elf knight blocks your mature stingshock beast's attack.
Your mature stingshock beast stings the deep elf knight!
You block the boggart's attack.
The deep elf knight hits you with a +0 short sword!!
* * * LOW HITPOINT WARNING * * *
The deep elf mage casts a spell at you. The bolt of lightning hits you!!
You die...

##.## #...# ##.## ##
#...# .# ##.## .#
#...############# .#
##.###.).....H..# .#
#...##.....§ee..# .#
##.###......@g..# .#
#...##......ee..# (#
##.###..........# ##
#..)##..........#
##.###..........#
#####...###########'#
.#.###.###..........#
#.###...##..........#
.#.###.###..........#


You could see 3 deep elf knights, a deep elf mage (summoned), a boggart and a
friendly mature stingshock beast (summoned).

Vanquished Creatures
  Jorgrun (D:13)
  An ancient champion (Vaults:2)
  A vault warden (Vaults:2)
  A fenstrider witch (Swamp:4)
  An orc warlord (Vaults:2)
  A deep elf sorcerer (Vaults:2)
  A curse skull (Vaults:2)
  2 stone giants (Vaults:2)
  3 ironheart preservers
  A bunyip (Swamp:3)
  Snorg (Orc:2)
  2 yaktaur captains (Vaults:2)
  Josephine (D:14)
  2 fire dragons
  2 ogre magi (Orc:2)
  A shambling mangrove (Swamp:4)
  Harold (D:8)
  2 ghost crabs
  4 centaur warriors
  5 boulder beetles
  8 hydras
  4 anacondas
  2 alligators
  13 two-headed ogres
  A death yak (Lair:4)
  Urug (D:13)
  A naga sharpshooter (Snake:2)
  4 shock serpents
  2 salamander mystics
  4 skeletal warriors (D:13)
  2 goliath frogs
  3 unseen horrors
  2 spriggan druids (Swamp:2)
  5 swamp dragons
  2 deep trolls (Vaults:2)
  A glowing orange brain (Vaults:2)
  3 bog bodies
  5 orc knights
  A mana viper (Snake:2)
  An orc sorcerer (Vaults:1)
  5 cyclopes
  A manticore (shapeshifter) (D:11)
  3 salamanders
  A manticore (D:13)
  4 deep elf magi
  8 ugly things
  4 elephants
  20 black mambas
  A centaur zombie (D:13)
  2 vault sentinels
  A torpor snail (shapeshifter) (D:15)
  11 cane toads
  A gargoyle (D:15)
  2 molten gargoyles (Lair:6)
  A rime drake (Lair:6)
  8 komodo dragons
  A redback zombie (D:13)
  2 efreet
  3 yaktaurs (Vaults:2)
  A freezing wraith (Vaults:2)
  A polar bear (shapeshifter) (Vaults:2)
  9 trolls
  The ghost of Demosthentine the Shield-Bearer, an amateur FoFi (D:4)
  A hornet (Swamp:1)
  Grinder (D:3)
  2 tyrant leeches
  9 slime creatures
  4 dream sheep (Lair:5)
  22 blink frogs
  A shadow (D:15)
  A redback (D:13)
  2 spriggans
  3 wraiths
  37 yaks
  5 wyverns
  10 humans (D:13)
  A basilisk (shapeshifter) (D:14)
  17 nameless horrors
  6 basilisks
  A fire elemental (Orc:2)
  3 hogs (D:13)
  6 vampire mosquitoes
  A soldier ant (D:12)
  8 nagas
  A warg (Orc:1)
  4 swamp worms
  Duvessa (D:5)
  5 hell hounds
  3 ice beasts
  16 water moccasins
  18 orc warriors
  4 swamp drakes
  3 sky beasts
  2 black bears
  2 necrophages
  18 ogres
  4 boggarts
  13 centaurs
  5 phantoms
  7 wolves
  2 big kobolds
  18 bullfrogs
  A wyvern zombie (D:8)
  A wyvern skeleton (D:12)
  3 scorpions
  A water moccasin zombie (D:7)
  Dowan (D:5)
  A killer bee (Lair:2)
  16 wights
  8 howler monkeys
  5 lava snakes (Lair:6)
  5 bullfrog zombies
  6 hounds
  16 orc priests
  Crazy Yiuf (D:2)
  A bullfrog skeleton (D:7)
  6 centaur skeletons
  10 jellies
  Jessica (D:9)
  21 orc wizards
  4 hell rats (Lair:6)
  5 worker ants
  Robin (D:2)
  4 gnolls (D:5)
  17 adders
  A shadow imp (D:6)
  A white imp (D:7)
  3 ufetubi
  An ooze (D:1)
  An adder zombie (D:9)
  9 worms
  3 adder skeletons
  3 leopard geckos
  62 orcs
  2 ball pythons
  8 giant cockroaches
  19 goblins
  11 hobgoblins
  8 jackals
  8 quokkas
  8 bats
  3 frilled lizards
  A jackal skeleton (D:2)
  9 kobolds
  2 quokka skeletons (D:4)
  12 rats
767 creatures vanquished.

Vanquished Creatures (collateral kills)
  A thorn hunter (Swamp:4)
  Kirke (D:13)
  Donald (Swamp:2)
  2 nagarajas (Snake:2)
  A vault warden (Vaults:2)
  A vampire knight (Vaults:2)
  Azrael (Orc:2)
  3 bunyips
  An entropy weaver (Vaults:1)
  An ettin (Orc:2)
  2 deep elf death magi
  7 ogre magi
  Erolcha (Orc:2)
  A boulder beetle (Lair:6)
  18 hydras
  3 naga warriors
  A ghost crab (Swamp:2)
  A catoblepas (Lair:2)
  15 two-headed ogres
  3 anacondas
  2 centaur warriors
  4 alligators
  A deep elf knight (Vaults:1)
  12 naga sharpshooters
  A shock serpent (Snake:3)
  A salamander mystic (Snake:2)
  A goliath frog (Swamp:3)
  A spriggan druid (Swamp:2)
  A glowing orange brain (Vaults:2)
  A deep troll (Vaults:2)
  A wizard (Vaults:1)
  A naga ritualist (Snake:3)
  A fire crab (Lair:6)
  A deep elf archer (Vaults:2)
  2 bog bodies
  7 swamp dragons
  A necromancer (Vaults:2)
  3 lindwurms (Swamp:4)
  4 mana vipers
  4 orc knights
  An orc sorcerer (Vaults:2)
  2 deep elf magi
  A will-o-the-wisp (Swamp:2)
  3 ugly things
  2 cyclopes
  7 salamanders
  A vault sentinel (Vaults:2)
  4 elephants
  11 naga magi
  A gargoyle (D:15)
  11 black mambas
  5 cane toads
  3 rime drakes
  A centaur skeleton (D:15)
  A kobold demonologist (D:14)
  4 komodo dragons
  7 yaktaurs
  4 hornets
  A polar bear (Lair:6)
  4 wyverns
  10 blink frogs
  3 trolls
  A raiju (shapeshifter) (Vaults:1)
  8 slime creatures
  2 tyrant leeches
  3 dream sheep (Lair:5)
  A tarantella (Vaults:2)
  4 redbacks (Vaults:1)
  8 spriggans
  4 nameless horrors
  13 yaks
  A basilisk (Lair:6)
  2 wraiths (D:14)
  5 humans (D:13)
  4 hogs (D:13)
  A steam dragon (Lair:6)
  8 vampire mosquitoes
  2 wargs
  18 nagas
  9 swamp worms
  4 water moccasins
  4 hell hounds
  14 orc warriors
  7 swamp drakes
  6 boggarts
  A black bear (Lair:3)
  6 centaurs
  2 wolves
  16 ogres
  3 bullfrogs
  2 wights (D:14)
  2 human simulacra
  A hound (D:12)
  A jelly (Lair:2)
  9 orc priests
  7 orc wizards
  A hell rat (Lair:6)
  A worker ant (D:13)
  A river rat (D:12)
  28 orcs
412 creatures vanquished.

Vanquished Creatures (others)
  An ironheart preserver (Vaults:2)
  A deep elf death mage (Vaults:2)
  A hydra (Swamp:4)
  2 naga warriors (Snake:2)
  A naga sharpshooter (Snake:3)
  An unseen horror (D:9)
  A swamp dragon (Swamp:3)
  A naga ritualist (Snake:3)
  An orc knight (Vaults:2)
  A black mamba (Snake:3)
  A naga mage (Snake:2)
  A bloated husk (Swamp:1)
  A hornet (Swamp:3)
  2 slime creatures
  A basilisk (D:9)
  2 nagas
  A swamp worm (Swamp:3)
  A water moccasin (Lair:2)
  2 hell hounds (Orc:2)
  An orc warrior (Vaults:1)
  A centaur (Vaults:2)
  An ogre (Vaults:2)
  2 electric eels (Lair:2)
  A howler monkey skeleton (D:9)
  An adder zombie (D:9)
  An adder skeleton (D:9)
  An orc (Vaults:2)
  5 foxfires (Swamp:2)
  70 fungi
  116 plants
  2 withered plants (D:2)
225 creatures vanquished.

Grand Total: 1404 creatures vanquished

Notes
Turn   | Place    | Note
-------+----------+-------------------------------------------
     0 | D:5      | Reached skill level 9 in Stealth
     0 | D:5      | dolemite99 the Gnoll Delver began the quest for the Orb.
     0 | D:5      | Reached XP level 1. HP: 23/23 MP: 1/1
    10 | D:4      | Reached XP level 2. HP: 21/29 MP: 2/2
   121 | D:4      | Noticed a howler monkey
   340 | D:3      | Noticed Grinder
   415 | D:4      | Found a transporter.
   428 | D:4      | Found a shadowy altar of Dithmenos.
   439 | D:4      | Became a worshipper of Dithmenos the Shadowed
   492 | D:4      | Found a transporter.
   514 | D:4      | Reached skill level 1 in Invocations
   514 | D:4      | Reached XP level 3. HP: 16/35 MP: 2/4
   703 | D:4      | Reached skill level 1 in Short Blades
   703 | D:4      | Reached skill level 1 in Long Blades
   703 | D:4      | Reached skill level 1 in Axes
   703 | D:4      | Reached skill level 1 in Maces & Flails
   703 | D:4      | Reached skill level 1 in Staves
   703 | D:4      | Reached skill level 1 in Slings
   703 | D:4      | Reached skill level 1 in Bows
   703 | D:4      | Reached skill level 1 in Crossbows
   703 | D:4      | Reached skill level 1 in Throwing
   703 | D:4      | Reached skill level 1 in Armour
   703 | D:4      | Reached skill level 1 in Shields
   703 | D:4      | Reached skill level 1 in Unarmed Combat
   703 | D:4      | Reached skill level 1 in Spellcasting
   703 | D:4      | Reached skill level 1 in Evocations
   756 | D:4      | Reached XP level 4. HP: 41/41 MP: 5/5
   808 | D:4      | Noticed Demosthentine's ghost (amateur FoFi)
   943 | D:4      | Noticed an ogre
   991 | D:4      | Reached skill level 1 in Conjurations
   991 | D:4      | Reached skill level 1 in Hexes
   991 | D:4      | Reached skill level 1 in Summonings
   991 | D:4      | Reached skill level 1 in Necromancy
   991 | D:4      | Reached skill level 1 in Translocations
   991 | D:4      | Reached skill level 1 in Transmutations
   991 | D:4      | Reached skill level 1 in Fire Magic
   991 | D:4      | Reached skill level 1 in Ice Magic
   991 | D:4      | Reached skill level 1 in Air Magic
   991 | D:4      | Reached skill level 1 in Earth Magic
   991 | D:4      | Reached skill level 1 in Poison Magic
  1154 | D:2      | Noticed Robin
  1182 | D:2      | Found an iron altar of Okawaru.
  1281 | D:2      | Reached XP level 5. HP: 46/47 MP: 6/6
  1435 | D:2      | Reached * piety under Dithmenos
  1444 | D:2      | Killed Robin
  2295 | D:2      | Found an ornate altar of the Wu Jian Council.
  2517 | D:2      | Found a runed translucent door.
  2518 | D:2      | Noticed Crazy Yiuf
  2550 | D:3      | Reached ** piety under Dithmenos
  2818 | D:3      | Reached XP level 6. HP: 37/53 MP: 8/8
  3343 | D:3      | Reached skill level 5 in Polearms
  3343 | D:3      | Reached skill level 5 in Dodging
  3920 | D:4      | Reached XP level 7. HP: 53/59 MP: 10/10
  4512 | D:5      | Identified the +8 mace of Ash {drain, MP+9}
  4861 | D:5      | Found a glowing golden altar of the Shining One.
  4907 | D:5      | Noticed Dowan
  4909 | D:5      | Noticed Duvessa
  5227 | D:5      | Reached skill level 10 in Stealth
  5227 | D:5      | Reached XP level 8. HP: 56/67 MP: 12/12
  5631 | D:5      | Killed Dowan
  5902 | D:5      | Killed Duvessa
  6163 | D:6      | Found a staircase to the Ecumenical Temple.
  6330 | D:6      | Found a white marble altar of Elyvilon.
  6529 | D:6      | Found a sacrificial altar of Ru.
  6577 | D:7      | Reached *** piety under Dithmenos
  6730 | D:7      | Reached XP level 9. HP: 55/72 MP: 14/14
  7102 | D:7      | Learned a level 2 spell: Call Imp
  7221 | D:7      | Found a snail-covered altar of Cheibriados.
  7754 | D:7      | Got a pitted crystal amulet
  7858 | D:7      | Identified the amulet of Adoul {Faith Int+5} (You found it
                  | on level 7 of the Dungeon)
  7871 | D:7      | Learned a level 1 spell: Animate Skeleton
  7873 | D:7      | Learned a level 1 spell: Corona
  7896 | D:7      | Found a basalt altar of Yredelemnul.
  7896 | D:7      | Found a burning altar of Makhleb.
  7898 | D:7      | Found a hide-covered altar of Uskayaw.
  8536 | D:8      | Reached skill level 5 in Invocations
  8925 | D:8      | Reached XP level 10. HP: 78/80 MP: 17/17
  8932 | D:8      | Noticed Harold
  8978 | D:8      | Killed Harold
  8979 | D:8      | Reached skill level 5 in Short Blades
  8979 | D:8      | Reached skill level 5 in Long Blades
  8979 | D:8      | Reached skill level 5 in Axes
  8979 | D:8      | Reached skill level 5 in Maces & Flails
  8979 | D:8      | Reached skill level 5 in Staves
  8979 | D:8      | Reached skill level 5 in Slings
  8979 | D:8      | Reached skill level 5 in Bows
  8979 | D:8      | Reached skill level 5 in Crossbows
  8979 | D:8      | Reached skill level 5 in Throwing
  8979 | D:8      | Reached skill level 5 in Armour
  8979 | D:8      | Reached skill level 5 in Shields
  8979 | D:8      | Reached skill level 5 in Unarmed Combat
  8979 | D:8      | Reached skill level 5 in Spellcasting
  8979 | D:8      | Reached skill level 5 in Evocations
  9213 | D:8      | You fall into a shaft and drop 2 floors!
  9213 | D:10     | Entered Level 10 of the Dungeon
 10268 | D:11     | Noticed a cyclops
 10288 | D:11     | Killed a cyclops
 10779 | D:11     | Killed an unseen horror
 11153 | D:11     | Noticed a red ugly thing
 11183 | D:11     | Reached skill level 11 in Stealth
 11184 | D:11     | Reached **** piety under Dithmenos
 11186 | D:11     | Noticed a manticore
 11203 | D:11     | Noticed a two-headed ogre
 11211 | D:11     | Killed a manticore
 11214 | D:11     | Killed a two-headed ogre
 11215 | D:11     | Reached XP level 11. HP: 79/87 MP: 19/19
 11966 | D:11     | Reached skill level 5 in Conjurations
 11966 | D:11     | Reached skill level 5 in Hexes
 11966 | D:11     | Reached skill level 5 in Summonings
 11966 | D:11     | Reached skill level 5 in Necromancy
 11966 | D:11     | Reached skill level 5 in Translocations
 11966 | D:11     | Reached skill level 5 in Transmutations
 11966 | D:11     | Reached skill level 5 in Fire Magic
 11966 | D:11     | Reached skill level 5 in Ice Magic
 11966 | D:11     | Reached skill level 5 in Air Magic
 11966 | D:11     | Reached skill level 5 in Earth Magic
 11966 | D:11     | Reached skill level 5 in Poison Magic
 12307 | D:11     | Killed a red ugly thing
 12661 | D:8      | Identified a scroll of acquirement
 12661 | D:8      | Acquired a book of Burglary
 12668 | D:8      | Learned a level 2 spell: Swiftness
 12671 | D:8      | Learned a level 2 spell: Passwall
 12673 | D:8      | Learned a level 1 spell: Apportation
 12836 | D:8      | Found a glowing silver altar of Zin.
 12889 | D:8      | Found a sparkling altar of Nemelex Xobeh.
 13272 | D:9      | Found Venlatt's Antique Armour Shoppe.
 13700 | D:9      | Learned a level 4 spell: Summon Lightning Spire
 13700 | D:9      | Bought a heavily runed ring mail for 261 gold pieces
 13712 | D:9      | Identified the +1 ring mail of Reuh {Dex+3} (You bought it
                  | in a shop on level 9 of the Dungeon)
 13714 | D:9      | Bought a glowing scale mail for 203 gold pieces
 13752 | D:9      | Reached ***** piety under Dithmenos
 13918 | D:9      | Noticed Jessica
 13923 | D:9      | Killed Jessica
 13935 | D:9      | Found a shimmering blue altar of Sif Muna.
 13988 | D:9      | Found a staircase to the Lair.
 14127 | D:9      | Noticed a boulder beetle
 14136 | D:9      | Noticed a deep elf mage
 14136 | D:9      | Noticed a centaur warrior
 14177 | D:9      | Found an opulent altar of Gozag.
 14283 | D:9      | Found Zoiruapp's Armour Emporium.
 14292 | D:9      | Bought a +0 buckler for 67 gold pieces
 14423 | Lair:1   | Entered Level 1 of the Lair of Beasts
 15425 | Lair:1   | Reached XP level 12. HP: 86/96 MP: 22/22
 16258 | Lair:2   | Noticed a four-headed hydra
 16269 | Lair:1   | Killed a four-headed hydra
 17159 | Lair:2   | Noticed a catoblepas
 17194 | Lair:2   | Killed a catoblepas
 17442 | Lair:2   | Noticed a six-headed hydra
 17467 | Lair:2   | Killed a six-headed hydra
 17468 | Lair:2   | Reached skill level 10 in Fighting
 17989 | Lair:2   | Found a staircase to the Swamp.
 18007 | Lair:2   | Noticed a five-headed hydra
 18024 | Lair:2   | Killed a five-headed hydra
 18025 | Lair:2   | Reached skill level 12 in Stealth
 18813 | Lair:2   | Found a staircase to the Snake Pit.
 19129 | Lair:3   | Upgraded the game from 0.26-a0-1102-g347fe5baa7 to
                  | 0.26-a0-1107-g6118521029
 19172 | Lair:2   | Reached XP level 13. HP: 99/103 MP: 24/24
 20027 | Lair:3   | Reached ****** piety under Dithmenos
 22850 | Lair:6   | Entered Level 6 of the Lair of Beasts
 24478 | Lair:5   | Found a viscous altar of Jiyva.
 24479 | Lair:5   | Found a staircase to the Slime Pits.
 24953 | Lair:6   | Learned a level 4 spell: Passage of Golubria
 25293 | Lair:6   | Reached XP level 14. HP: 91/111 MP: 7/26
 25577 | Lair:6   | Reached skill level 10 in Polearms
 25577 | Lair:6   | Reached skill level 10 in Dodging
 27644 | Lair:6   | Found a large runed translucent door.
 27644 | Lair:6   | Found a large runed translucent door.
 28362 | D:9      | Bought a +1 pair of gloves of strength for 247 gold pieces
 28626 | D:2      | Killed Crazy Yiuf
 28735 | D:4      | Killed Demosthentine's ghost
 28736 | D:4      | Reached skill level 10 in Invocations
 29210 | D:3      | Killed Grinder
 29479 | D:12     | Found a staircase to the Orcish Mines.
 30578 | D:11     | Learned a level 3 spell: Call Canine Familiar
 30583 | D:11     | Learned a level 4 spell: Summon Ice Beast
 30619 | D:11     | Learned a level 3 spell: Tukima's Dance
 30623 | D:11     | Learned a level 3 spell: Summon Guardian Golem
 30695 | Orc:1    | Entered Level 1 of the Orcish Mines
 31116 | Orc:1    | Found Suqerul's Superlative Supplies.
 31744 | Orc:1    | Bought +0 shadow dragon scales for 880 gold pieces
 31934 | Orc:1    | Found Hetojuewe's Magic Scroll Shop.
 32317 | Orc:2    | Entered Level 2 of the Orcish Mines
 32317 | Orc:2    | Found Zaqon's Gadget Shop.
 32441 | Orc:2    | Found a staircase to the Elven Halls.
 32455 | Orc:2    | Noticed Erolcha
 32482 | Orc:2    | Killed Erolcha
 32614 | Orc:2    | Found a roughly hewn altar of Beogh.
 33191 | Orc:2    | Noticed Azrael
 33209 | Orc:2    | Killed Azrael
 33210 | Orc:2    | Reached skill level 13 in Stealth
 34869 | Orc:2    | Found Nesot's Jewellery Boutique.
 34869 | Orc:2    | Found Ozyefupn's General Store.
 34870 | Orc:2    | Found Syl Coth's Assorted Antiques.
 34870 | Orc:2    | Found Hybidgh's Weapon Boutique.
 34882 | Orc:2    | Reached XP level 15. HP: 119/119 MP: 21/28
 34975 | Orc:2    | Bought a scroll of identify for 60 gold pieces
 34980 | Orc:2    | Bought a potion of invisibility for 88 gold pieces
 35046 | Orc:2    | Noticed Snorg
 35180 | Orc:2    | Killed Snorg
 35353 | Orc:2    | Bought a wand of iceblast (8) for 180 gold pieces
 35353 | Orc:2    | Bought a wand of iceblast (11) for 225 gold pieces
 35411 | D:13     | Found a gate to the Vaults.
 35411 | D:13     | Noticed Rupert
 35411 | D:13     | Noticed Nessos
 35868 | D:13     | Noticed Nessos
 35868 | D:13     | Nessos changed into Nessos the redback
 35874 | D:13     | Killed Nessos the redback
 36213 | D:13     | Reached skill level 10 in Short Blades
 36213 | D:13     | Reached skill level 10 in Long Blades
 36213 | D:13     | Reached skill level 10 in Axes
 36213 | D:13     | Reached skill level 10 in Maces & Flails
 36213 | D:13     | Reached skill level 10 in Staves
 36213 | D:13     | Reached skill level 10 in Slings
 36213 | D:13     | Reached skill level 10 in Bows
 36213 | D:13     | Reached skill level 10 in Crossbows
 36213 | D:13     | Reached skill level 10 in Throwing
 36213 | D:13     | Reached skill level 10 in Armour
 36213 | D:13     | Reached skill level 10 in Shields
 36213 | D:13     | Reached skill level 10 in Unarmed Combat
 36213 | D:13     | Reached skill level 10 in Spellcasting
 36213 | D:13     | Reached skill level 10 in Evocations
 36418 | D:13     | Noticed Urug
 36440 | D:13     | Killed Urug
 37073 | D:13     | Noticed Kirke
 37082 | D:13     | Killed Kirke
 37434 | D:13     | Noticed Jorgrun
 37445 | D:13     | Killed Jorgrun
 39012 | D:14     | Noticed Josephine
 39021 | D:14     | Killed Josephine
 39605 | D:15     | Entered Level 15 of the Dungeon
 39606 | D:15     | Upgraded the game from 0.26-a0-1107-g6118521029 to
                  | 0.26-a0-1126-g3318b609a0
 40491 | D:15     | Identified Roxanne's Almanac of the Rocks
 40491 | D:15     | Noticed Roxanne
 41228 | Orc:2    | Bought a faintly humming scale mail for 270 gold pieces
 41238 | Orc:2    | Identified the +4 scale mail of the Iron City of Dis
                  | {Rampage rC+ rN+ Str+2} (You bought it in a shop on level 2
                  | of the Orcish Mines)
 41586 | Swamp:1  | Entered Level 1 of the Swamp
 42475 | Swamp:1  | Reached XP level 16. HP: 127/127 MP: 3/30
 43039 | Swamp:2  | Noticed Donald
 44082 | Swamp:2  | Killed Donald
 46646 | Swamp:3  | Identified the +11 trident of Success {distort, rN+ Dex+4}
 46648 | Swamp:3  | Found a transporter.
 46952 | Swamp:3  | Found a one-way gate to the infinite horrors of the Abyss.
 46952 | Swamp:3  | Noticed Qemahefa's ghost (adept GrFi)
 47045 | Swamp:3  | Noticed a daeva
 47046 | Swamp:3  | Found a transporter.
 47375 | Snake:1  | Entered Level 1 of the Snake Pit
 48239 | Snake:1  | Found Oschebimp's Weapon Shoppe.
 48243 | Snake:1  | Found Jehirajo's Antique Armour Emporium.
 48244 | Snake:1  | Found Techimi's Magic Scroll Shoppe.
 48251 | Snake:1  | Bought a scroll of blinking for 105 gold pieces
 48251 | Snake:1  | Bought a scroll of blinking for 105 gold pieces
 48251 | Snake:1  | Bought a scroll of teleportation for 42 gold pieces
 50085 | Snake:1  | Learned a level 2 spell: Sublimation of Blood
 50638 | Snake:2  | Noticed a nagaraja
 50649 | Snake:2  | Killed a nagaraja
 51323 | Snake:2  | Noticed a nagaraja
 51343 | Snake:2  | Killed a nagaraja
 51687 | Snake:2  | Reached skill level 14 in Stealth
 54750 | Snake:3  | Reached XP level 17. HP: 135/135 MP: 17/32
 56155 | Snake:4  | Entered Level 4 of the Snake Pit
 56311 | Swamp:4  | Entered Level 4 of the Swamp
 58091 | Swamp:4  | Got a decaying rune of Zot
 58815 | Vaults:1 | Entered Level 1 of the Vaults
 62031 | Vaults:1 | You fall into a shaft and drop 1 floor!
 62986 | Vaults:2 | Noticed an ancient champion
 63007 | Vaults:2 | Killed an ancient champion
 63008 | Vaults:2 | Reached skill level 10 in Conjurations
 63008 | Vaults:2 | Reached skill level 10 in Hexes
 63008 | Vaults:2 | Reached skill level 10 in Summonings
 63008 | Vaults:2 | Reached skill level 10 in Necromancy
 63008 | Vaults:2 | Reached skill level 10 in Translocations
 63008 | Vaults:2 | Reached skill level 10 in Transmutations
 63008 | Vaults:2 | Reached skill level 10 in Fire Magic
 63008 | Vaults:2 | Reached skill level 10 in Ice Magic
 63008 | Vaults:2 | Reached skill level 10 in Air Magic
 63008 | Vaults:2 | Reached skill level 10 in Earth Magic
 63008 | Vaults:2 | Reached skill level 10 in Poison Magic
 63542 | Vaults:2 | Found a staircase to the Crypt.
 67268 | Vaults:2 | Reached XP level 18. HP: 128/143 MP: 28/33
 69731 | Vaults:2 | Paralysed by an orc sorcerer for 3 turns
 69754 | Vaults:2 | Killed from afar by a deep elf mage

Illustrated notes

Levels and vault maps discovered:
D:1:      psy_arrival_basics, layout_rooms
D:2:      layout_basic, overflow_temple_1_default, serial_undead,
          serial_undead_d, serial_undead_c, serial_undead_d, serial_undead_f,
          serial_undead_b, serial_undead_a, kennysheep_okawaru_gauntlet,
          uniq_robin, uniq_crazy_yiuf_cottage
D:3:      layout_rooms, kennysheep_generic_room_12, uniq_grinder
D:4:      layout_layer_cave, old_standard_altar, gammafunk_ghost_mausoleum
D:5:      minmay_inner_zag, layout_basic, tso_altar, uniq_duvessa
D:6:      layout_rooms, marbit_many_paths, elyvilon_altar_1,
          minmay_temple_entry_slanted
D:7:      layout_basic, nicolae_overflow_crystal_walls, minitemple
D:8:      layout_basic, lemuel_round_altar, kennysheep_little_box, uniq_harold
D:9:      layout_roguey, kennysheep_mini_moat, tgw_sif, david_lair_generic,
          serial_shops, nicolae_shop_overgrown_old_shop, shop, minivault_12
D:10:     layout_loops_cross, kennysheep_generic_room_8
D:11:     layout_long_grid, hangedman_corner_corridor
D:12:     layout_cave_pods, david_orc_2, pond
D:13:     layout_stronghold, david_vaults_3, minmay_mirror_moons_of_madness,
          uniq_urug, uniq_jorgrun, uniq_kirke
D:14:     layout_basic, bh_walls_and_bars, serial_park_tiny_pond, uniq_josephine
D:15:     gammafunk_enter_depths_forms, layout_stronghold, serial_column_ruins,
          column_ruins_circle_large, column_ruins_hut, column_ruins_grid_1,
          column_ruins_corridor_dead_end, column_ruins_open_small,
          column_ruins_grid_1, column_ruins_grid_1, column_ruins_grid_2,
          grunt_decor_cap, uniq_rupert, uniq_roxanne
Lair:1:   layout_long_grid, lemuel_fruit_tree, serial_bayou_shore_a,
          infiniplex_staircase_pool_2
Lair:2:   layout_small_grid, minmay_swamp_entry_eels,
          minmay_snake_entry_six_corridors, st_stairs_5
Lair:3:   layout_roguey, nicolae_quartered_pool_little, grunt_megastairs_5
Lair:4:   layout_layer_cave, wad_woods_02, grunt_megastairs_3
Lair:5:   layout_gridlike, slime_altar_1, kilobyte_rumbling_trees
Lair:6:   cheibrodos_lair_end_hotspot, layout_regular_city,
          chequers_serial_rivers_room_b, serial_bayou_pond_e
Swamp:1:  layout_falls_marsh, hangedman_swamp_diagram, swamp_pool2
Swamp:2:  layout_basic_swamp, evilmike_swamp_ruin_rubble_2, uniq_donald
Swamp:3:  layout_basic_swamp, gammafunk_ghost_abyssal_escape,
          evilmike_swamp_ruin_house_1
Swamp:4:  swamp_alternative, layout_basic_swamp
Snake:1:  layout_cave_pods, minmay_shop_star, grunt_megastairs_4
Snake:2:  layout_grid_maze
Snake:3:  layout_cave_shapes
Snake:4:  grunt_snake_rune_pools, layout_onion_interference, uniq_nikola
Orc:1:    layout_diamond_mine, serial_shops, shop_statue,
          nicolae_alphabet_shops, statue_in_the_mist_lemuel
Orc:2:    st_orc_ogre_mass, layout_diamond_mine, basic_altar, serial_shops,
          nicolae_shop_crystal, gauntlet_entry_generic, mines2_lemuel,
          uniq_erolcha, uniq_azrael, uniq_snorg
Vaults:1: ontoclasm_vaults_ring_large, hangedman_vaults_stretched_pinwheel,
          hangedman_vaults_stitches, nicolae_vaults_theta,
          ontoclasm_vaults_chip, vaults_dpeg_cross, v_pattern_1,
          nicolae_vaults_specimen_jars, ontoclasm_vaults_decontamination,
          vaults_room_semicircle, nicolae_vaults_asterisk,
          layout_vaults_big_room
Vaults:2: nicolae_vaults_back_hallway, ontoclasm_vaults_gateway,
          minmay_crypt_entry_simple_plaza, v_misc_11, v_pattern_4,
          ontoclasm_vaults_echo, vaults_dpeg_spiral, hangedman_vaults_cutoff,
          vaults_room_large_hall, v_misc_16, vaults_room_fancy_cross, v_misc_4,
          vaults_dpeg_diagonal, v_misc_28, v_misc_22,
          grunt_vaults_hallway_short, vaults_room_fours, layout_vaults_omnibox,
          lightli_enter_wizlab_magi_temple

Skill      XL: |  1  2  3  4  5  6  7  8  9 10 11 12 13 14 15 16 17 18 |
---------------+-------------------------------------------------------+-----
Stealth        | 10 11 12 13 14 | 14.7
Invocations    | 1 2 3 4 5 6 7 8 9 10 11 12 13 | 13.0
Short Blades   | 1 2 3 4 5 6 7 8 9 10 11 12 | 12.0
Long Blades    | 1 2 3 4 5 6 7 8 9 10 11 12 | 12.0
Axes           | 1 2 3 4 5 6 7 8 9 10 11 12 | 12.0
Maces & Flails | 1 2 3 4 5 6 7 8 9 10 11 12 | 12.0
Staves         | 1 2 3 4 5 6 7 8 9 10 11 12 | 12.0
Slings         | 1 2 3 4 5 6 7 8 9 10 11 12 | 12.0
Bows           | 1 2 3 4 5 6 7 8 9 10 11 12 | 12.0
Crossbows      | 1 2 3 4 5 6 7 8 9 10 11 12 | 12.0
Throwing       | 1 2 3 4 5 6 7 8 9 10 11 12 | 12.0
Armour         | 1 2 3 4 5 6 7 8 9 10 11 12 | 12.0
Shields        | 1 2 3 4 5 6 7 8 9 10 11 12 | 12.0
Unarmed Combat | 1 2 3 4 5 6 7 8 9 10 11 12 | 12.0
Spellcasting   | 1 2 3 4 5 6 7 8 9 10 11 12 | 12.0
Evocations     | 1 2 3 4 5 6 7 8 9 10 11 12 | 12.0
Conjurations   | 1 2 3 4 5 6 7 8 9 10 | 10.3
Hexes          | 1 2 3 4 5 6 7 8 9 10 | 10.3
Summonings     | 1 2 3 4 5 6 7 8 9 10 | 10.3
Necromancy     | 1 2 3 4 5 6 7 8 9 10 | 10.3
Translocations | 1 2 3 4 5 6 7 8 9 10 | 10.3
Transmutations | 1 2 3 4 5 6 7 8 9 10 | 10.3
Fire Magic     | 1 2 3 4 5 6 7 8 9 10 | 10.3
Ice Magic      | 1 2 3 4 5 6 7 8 9 10 | 10.3
Air Magic      | 1 2 3 4 5 6 7 8 9 10 | 10.3
Earth Magic    | 1 2 3 4 5 6 7 8 9 10 | 10.3
Poison Magic   | 1 2 3 4 5 6 7 8 9 10 | 10.3
Polearms       | 5 6 7 8 9 10 11 12 | 12.8
Dodging        | 5 6 7 8 9 10 11 12 | 12.8
Fighting       | 7 8 9 10 11 12 13 | 13.4

Action                   |  1- 3 |  4- 6 |  7- 9 | 10-12 | 13-15 | 16-18 || total
-------------------------+-------+-------+-------+-------+-------+-------++-------
Melee: Spear             |    22 |       |       |       |       |       ||    22
       Trident           |    25 |   202 |   149 |   375 |  1112 |       ||  1863
       Bite              |     3 |    19 |    30 |    90 |   191 |    64 ||   397
       Dagger            |       |     8 |    41 |   175 |    33 |   164 ||   421
       Punch             |       |     1 |     5 |    14 |       |       ||    20
       Mace              |       |       |    62 |       |       |       ||    62
       Morningstar       |       |       |       |    55 |    14 |   260 ||   329
Throw: Boomerang         |       |    33 |       |       |   101 |       ||   134
       Stone             |       |    21 |    45 |    37 |    29 |    10 ||   142
       Throwing net      |       |     1 |     2 |       |       |       ||     3
       Dart              |       |       |    51 |   104 |   167 |    20 ||   342
       Javelin           |       |       |    21 |     6 |    21 |    15 ||    63
 Cast: Call Imp          |       |       |       |    44 |    74 |       ||   118
       Apportation       |       |       |       |     6 |       |     1 ||     7
       Animate Skeleton  |       |       |       |     3 |    99 |    75 ||   177
       Summon Lightning  |       |       |       |       |   205 |   174 ||   379
       Summon Ice Beast  |       |       |       |       |    77 |   242 ||   319
       Call Canine Famil |       |       |       |       |    21 |   151 ||   172
       Swiftness         |       |       |       |       |     7 |    25 ||    32
       Passage of Golubr |       |       |       |       |     6 |     2 ||     8
       Summon Guardian G |       |       |       |       |     2 |   136 ||   138
       Sublimation of Bl |       |       |       |       |       |    11 ||    11
Invok: Shadow Form       |       |       |       |       |       |     3 ||     3
Evoke: Wand              |       |       |    15 |    22 |    37 |    40 ||   114
       Box of beasts     |       |       |       |       |       |     5 ||     5
       Condenser vane    |       |       |       |       |       |     4 ||     4
       Tin of tremorston |       |       |       |       |       |     2 ||     2
  Use: Scroll            |       |     8 |     9 |    11 |    20 |    20 ||    68
       Potion            |       |     3 |     1 |     8 |    11 |     4 ||    27
 Stab: Sleeping          |     2 |    11 |     5 |     5 |    24 |    25 ||    72
       Invisible         |       |       |     4 |       |     1 |       ||     5
       Confused          |       |       |     1 |       |     1 |       ||     2
       Paralysed         |       |       |       |     5 |       |       ||     5
       Distracted        |       |       |       |     8 |    55 |    13 ||    76
Armor: Leather armour    |     8 |       |       |       |       |       ||     8
       Ring mail         |       |    50 |    12 |       |       |       ||    62
       Chain mail        |       |       |    65 |   151 |    33 |       ||   249
       Skin              |       |       |       |     6 |       |       ||     6
       Plate armour      |       |       |       |     3 |       |       ||     3
       Scale mail        |       |       |       |    54 |   180 |   338 ||   572
       Shadow dragon sca |       |       |       |       |   172 |       ||   172
Dodge: Dodged            |    23 |   161 |   120 |   370 |   684 |   581 ||  1939
Block: Buckler           |       |       |       |    90 |    14 |       ||   104
       Kite shield       |       |       |       |       |   647 |   525 ||  1172

Table legend: (Time is in decaauts)
 A = Elapsed time spent in this place.
 B = Non-inter-level travel time spent in this place.
 C = Inter-level travel time spent in this place.
 D = Time resting spent in this place.
 E = Time spent auto-exploring this place.
 F = Levels seen in this place.
 G = Mean time per level.
                   A        B        C        D        E       F      G
               +--------+--------+--------+--------+--------+-----+--------+
         Total |  69549 |  66769 |   2780 |  25466 |  26932 |  33 | 2107.5 |
       Dungeon |  23308 |  22041 |   1267 |   6023 |  10492 |  15 | 1553.9 |
          Lair |  13972 |  13396 |    576 |   4470 |   5940 |   6 | 2328.7 |
         Swamp |   8164 |   7920 |    244 |   3719 |   2720 |   4 | 2041.0 |
     Snake Pit |   8856 |   8644 |    212 |   3853 |   3268 |   4 | 2214.0 |
  Orcish Mines |   4823 |   4397 |    426 |   1429 |   1906 |   2 | 2411.5 |
        Vaults |  10424 |  10370 |     54 |   5971 |   2604 |   2 | 5212.0 |
               +--------+--------+--------+--------+--------+-----+--------+

Top non-repeatable levels by time:
Vaults:2: 6276 daAuts
Vaults:1: 4148 daAuts
 Snake:3: 3385 daAuts
    D:13: 3339 daAuts
  Lair:6: 3113 daAuts
 Snake:1: 2865 daAuts
  Lair:2: 2788 daAuts
 Snake:2: 2592 daAuts
 Swamp:2: 2580 daAuts
   Orc:2: 2550 daAuts
  Lair:5: 2422 daAuts
    D:11: 2285 daAuts
   Orc:1: 2273 daAuts
  Lair:1: 2134 daAuts
 Swamp:1: 2066 daAuts
